 Dungeon Crawl Stone Soup version 0.32-a0-576-g706899e69d (webtiles) character file.

Game seed: 7458997047285133564

1610 Strat the Conjurer (level 8, -2/52 HPs)
             Began as a Demonspawn Fire Elementalist on Mar 1, 2024.
             Was a Follower of Makhleb.
             Slain by an orc warrior
             ... wielding a +0 halberd
              (6 damage)
             ... on level 7 of the Dungeon.
             The game lasted 00:15:35 (5861 turns).

Strat the Conjurer (Demonspawn Fire Elementalist)   Turns: 5861, Time: 00:15:35

Health: -2/52      AC:  5    Str:  8    XL:     8   Next: 63%
Magic:  0/16       EV: 11    Int: 19    God:    Makhleb [*.....]
Gold:   411        SH:  5    Dex: 15    Spells: 10/17 levels left

rFire   + . .        j - +0 short sword
rCold   . . .        (no shield)
rNeg    + . .        D - +1 leather armour {rPois}
rPois   +            G - +1 hat
rElec   .            g - scarf {repulsion}
rCorr   .            (no gloves)
SInv    .            (no boots)
Will    .....        s - amulet of reflection
Stlth   ++           k - ring of protection from fire
HPRegen 0.28/turn    F - ring of positive energy
MPRegen 0.30/turn

%: repel missiles, reflection, guardian spirit
@: no status effects
A: horns 2, powered by death 1, magic shield, magic regeneration, big brain 1
a: Renounce Religion


You were on level 7 of the Dungeon.
You worshipped Makhleb.
Makhleb was aware of your devotion.
You visited 2 branches of the dungeon, and saw 8 of its levels.

You collected 411 gold pieces.

Inventory:

Hand Weapons
 d - a +0 dagger
 j - a +0 short sword (weapon)
 A - a +0 dagger of protection
 C - a +2 sling of draining
Missiles
 q - 11 poisoned darts
 x - 3 atropa-tipped darts
Armour
 a - a +0 robe
 b - a +0 troll leather armour {Pargi}
 g - a scarf of repulsion (worn)
 D - a +1 leather armour of poison resistance (worn)
 G - a +1 hat (worn)
Jewellery
 k - a ring of protection from fire (left hand)
 n - an amulet of faith
 s - an amulet of reflection (around neck)
 F - a ring of positive energy (right hand)
Wands
 B - a wand of mindburst (17)
 E - a wand of warping (2)
Scrolls
 h - a scroll of revelation {unknown}
 i - a scroll of identify
 l - a scroll of butterflies {unknown}
 o - a scroll of noise {unknown}
 p - a scroll of acquirement {unknown}
 r - a scroll of blinking {unknown}
 t - a scroll of amnesia {unknown}
 u - a scroll of fear {unknown}
 v - a scroll of enchant armour {unknown}
 w - 2 scrolls of teleportation
 y - a scroll of immolation {unknown}
Potions
 c - 3 potions of might
 e - a potion of lignification {unknown}
 f - 2 potions of resistance {unknown}
 m - 2 potions of invisibility {unknown}
 z - a potion of magic
 H - a potion of mutation {unknown}


   Skills:
 - Level 1.7 Dodging
 - Level 1.7 Stealth
 + Level 5.3 Spellcasting
 + Level 6.7 Conjurations
 + Level 6.7 Fire Magic


You had 10 spell levels left.
You knew the following spells:

 Your Spells              Type           Power      Damage    Failure   Level
a - Foxfire               Conj/Fire      100%       2x1d9     1%          1
b - Scorch                Fire           60%        2d7       1%          2
c - Flame Wave            Conj/Fire      30%        2d9       11%         4

Your spell library contained the following spells:

 Spells                   Type           Power      Damage    Failure   Level
 Inner Flame              Hex/Fire       17%        N/A       13%         3
 Volatile Blastmotes      Fire/Tloc      34%        2d12      13%         3
 Slow                     Hex            20%        N/A       17%         1
 Call Canine Familiar     Summ           5%         N/A       45%         3
 Confusing Touch          Hex            5%         N/A       45%         3
 Sigil of Binding         Hex            5%         N/A       45%         3
 Vampiric Draining        Necr           5%         2d6       45%         3
 Dimensional Bullseye     Hex/Tloc       2%         N/A       86%         4
 Starburst                Conj/Fire      15%        6d6       86%         6
 Summon Forest            Summ/Tloc      2%         N/A       99%         5
 Eringya's Noxious Bog    Alch           2%         4d6       100%        6
 Plasma Beam              Fire/Air       8%         2x1d19    100%        6
 Summon Hydra             Summ           2%         N/A       100%        7


Dungeon Overview and Level Annotations

Branches:
Dungeon (7/15)             Temple (1/1) D:5

Altars:
Ashenzari
Cheibriados
Dithmenos
Fedhas
Gozag
Hepliaklqana
Kikubaaqudgha
Makhleb
Okawaru
Qazlal
Ru
Sif Muna
Trog
Vehumet
Wu Jian
Xom
Yredelemnul

Annotations:
D:5 Blork the orc


Innate Abilities, Weirdness & Mutations

You have a pair of horns on your head.
You regenerate a little health from kills.
When hurt, damage is shared between your health and your magic reserves.
You regenerate magic rapidly.
You have an unusually large brain. (Int +2)


Message History

The foxfire hits the orc warrior.
The orc warrior is moderately wounded.
The foxfire hits the orc warrior.
The orc warrior is burned terribly!
The orc warrior is heavily wounded.
The orc warrior throws a boomerang.
The boomerang hits you!
Casting: Scorch (safe; 1% risk of failure)
Confirm with . or Enter, or press ? or * to list all spells.
Flames lash the orc priest.
You kill the orc priest!
Makhleb accepts your kill.
Casting: Scorch (safe; 1% risk of failure)
Confirm with . or Enter, or press ? or * to list all spells.
Flames lash the orc warrior.
The orc warrior is burned terribly!
The orc warrior is severely wounded.
The orc warrior barely misses you.
Your magical contamination has completely faded away.
Casting: Scorch (safe; 1% risk of failure)
Confirm with . or Enter, or press ? or * to list all spells.
Flames lash the orc.
The orc is lightly wounded.
The orc's fire resistance burns away.
The orc warrior barely misses you.
Casting: Scorch (safe; 1% risk of failure)
Confirm with . or Enter, or press ? or * to list all spells.
Flames lash the orc warrior.
The orc warrior is burned terribly!
The orc warrior is severely wounded.
The orc warrior hits you from afar with a +0 halberd!!
* * * LOW HITPOINT WARNING * * *
The orc hits you with a +0 short sword.
* * * LOW HITPOINT WARNING * * *
The orc warrior attacks as it pursues you!
The orc warrior hits you from afar with a +0 halberd!!
* * * LOW HITPOINT WARNING * * *
You see here a bullfrog corpse.
The orc is no longer more vulnerable to fire.
The orc warrior attacks as it pursues you!
The orc warrior hits you from afar with a +0 halberd.
* * * LOW HITPOINT WARNING * * *
The orc warrior attacks as it pursues you!
The orc warrior hits you from afar with a +0 halberd!
You die...

... #.. .# ...... .#
#.# #.# .# ...... ##
#.# #.# ..# ......
##.. ########.##..#
#.....
#..###........#...#
##..o. #
#...#...#######..#.#
##.#/ ##..#.#.###
#....##.##### #.(.
#..##.#.#
#..###......# ....
..###...#
##<@oo......## o..
........#
####..)....[#..
.#......#
##...)......
.#......# #.(....#..
........# ###.####
#...##### #.# .....#
#.# .....# #.#
....... #.#


You could see an orc warrior (combustible) and an orc.

Vanquished Creatures
  Eustachio (D:5)
  A wyvern (D:7)
  Menkaure (D:5)
  Pargi (D:3)
  A black bear (D:7)
  2 ogres
  A phantom (D:6)
  2 bullfrogs
  2 scorpions
  A bombardier beetle (D:6)
  2 jellies
  3 hounds
  3 orc priests
  3 iguanas
  An orc wizard (D:5)
  3 adders
  4 white imps
  4 dart slugs
  5 ribbon worms
  17 orcs
  6 bats
  5 endoplasms
  2 giant cockroaches
  4 hobgoblins
  6 jackals
  4 kobolds
  6 quokkas
  8 ball pythons
  A frilled lizard (D:3)
  5 goblins
  3 rats (D:1)
108 creatures vanquished.

Vanquished Creatures (others)
  176 foxfires
176 creatures vanquished.

Grand Total: 284 creatures vanquished

Notes
Turn   | Place    | Note
-------+----------+-------------------------------------------
     0 | D:1      | Strat the Demonspawn Fire Elementalist began the quest for
                  | the Orb.
     0 | D:1      | Reached XP level 1. HP: 13/13 MP: 3/3
   518 | D:1      | Gained mutation: You regenerate magic rapidly. [demonic
                  | ancestry]
   518 | D:1      | Reached XP level 2. HP: 19/19 MP: 3/5
   521 | D:1      | Learned a level 2 spell: Scorch
  1475 | D:2      | Found a blossoming altar of Fedhas.
  1628 | D:2      | Gained mutation: You have a pair of small horns on your
                  | head. [demonic ancestry]
  1628 | D:2      | Reached XP level 3. HP: 24/24 MP: 1/6
  1910 | D:2      | Found a faded altar of an unknown god.
  2377 | D:3      | Gained mutation: You regenerate a little health from kills.
                  | [demonic ancestry]
  2377 | D:3      | Reached XP level 4. HP: 24/30 MP: 2/7
  2635 | D:3      | Noticed Pargi
  2649 | D:3      | Killed Pargi
  2650 | D:3      | Gained mutation: You have a pair of horns on your head.
                  | [demonic ancestry]
  2650 | D:3      | Reached XP level 5. HP: 21/35 MP: 0/8
  2721 | D:3      | Learned a level 4 spell: Flame Wave
  3387 | D:4      | Reached XP level 6. HP: 41/41 MP: 3/9
  3793 | D:5      | Entered Level 5 of the Dungeon
  3823 | D:5      | Noticed Blork the orc
  3844 | D:5      | Noticed Eustachio
  3994 | D:5      | Found a staircase to the Ecumenical Temple.
  4058 | Temple   | Entered the Ecumenical Temple
  4072 | Temple   | Became a worshipper of Makhleb the Destroyer
  4102 | D:5      | You fall into a shaft and drop 2 floors!
  4103 | D:7      | Noticed an orc warrior
  4114 | D:6      | Reached skill level 5 in Fire Magic
  4380 | D:5      | Gained mutation: When hurt, damage is shared between your
                  | health and your magic reserves. [demonic ancestry]
  4380 | D:5      | Reached XP level 7. HP: 42/46 MP: 1/11
  4634 | D:5      | Upgraded the game from 0.32-a0-571-gec57dfcd37 to
                  | 0.32-a0-576-g706899e69d
  4676 | D:5      | Reached skill level 5 in Conjurations
  4850 | D:5      | Noticed Menkaure
  4863 | D:5      | Killed Menkaure
  4971 | D:5      | Killed Eustachio
  4971 | D:5      | Reached * piety under Makhleb
  5263 | D:6      | Gained mutation: You have an unusually large brain. (Int
                  | +2) [demonic ancestry]
  5263 | D:6      | Reached XP level 8. HP: 52/52 MP: 1/14
  5753 | D:7      | Reached skill level 5 in Spellcasting
  5861 | D:7      | Slain by an orc warrior

Illustrated notes

Levels and vault maps discovered:
D:1:      dpeg_arrival_pond, layout_basic, columned_hall_lemuel,
          nrook_loot_triangle, solitary_fountain, minmay_tree_intersection,
          serial_park_tiny_2, serial_bayou_crossing
D:2:      layout_rooms, basic_altar, dilly_ecumenical_altar_fadedgnrine
D:3:      layout_loops_ring, uniq_pargi
D:4:      layout_basic, kennysheep_generic_room_5
D:5:      layout_basic, minmay_temple_entry_grid, uniq_eustachio, uniq_menkaure,
          uniq_blork_the_orc
D:6:      layout_rooms
D:7:      layout_rooms, uniq_maurice, uniq_pikel
Temple:   nicolae_temple_slightly_damp_pantheon

Skill      XL: |  1  2  3  4  5  6  7  8 |
---------------+-------------------------+-----
Fire Magic     | 3 4 5 6 |  6.7
Conjurations   | 2 3 4 5 6 |  6.7
Spellcasting   | 3 4 5 |  5.3
Dodging        | |  1.7
Stealth        | |  1.7

Action                     |  1- 3 |  4- 6 |  7- 9 || total
---------------------------+-------+-------+-------++-------
  Melee: Dagger            |    19 |       |       ||    19
         Short sword       |     9 |    43 |     8 ||    60
         Headbutt          |     4 |     8 |     2 ||    14
   Cast: Foxfire           |    46 |     8 |    46 ||   100
         Scorch            |    24 |    61 |    41 ||   126
    Use: Scroll            |       |     2 |       ||     2
         Potion            |       |     1 |       ||     1
   Stab: Sleeping          |     1 |     3 |     1 ||     5
 Armour: Robe              |    39 |    22 |       ||    61
         Troll leather arm |       |    12 |       ||    12
         Leather armour    |       |     8 |    25 ||    33
  Dodge: Dodged            |    36 |    45 |    12 ||    93
         Repelled          |     4 |     3 |     4 ||    11
  Block: Other             |       |       |     5 ||     5
         Reflection        |       |       |     1 ||     1

Table legend: (Time is in decaauts)
 A = Elapsed time spent in this place.
 B = Non-inter-level travel time spent in this place.
 C = Inter-level travel time spent in this place.
 D = Time resting spent in this place.
 E = Time spent auto-exploring this place.
 F = Levels seen in this place.
 G = Mean time per level.
                   A        B        C        D        E       F      G
               +--------+--------+--------+--------+--------+-----+--------+
         Total |   5869 |   5670 |    199 |    893 |   3291 |   8 |  733.6 |
       Dungeon |   5841 |   5668 |    173 |    893 |   3291 |   7 |  834.4 |
        Temple |     28 |      2 |     26 |      0 |      0 |   1 |   28.0 |
               +--------+--------+--------+--------+--------+-----+--------+

Top non-repeatable levels by time:
     D:1: 1363 daAuts
     D:5: 1125 daAuts
     D:4: 1046 daAuts
     D:3: 1041 daAuts
     D:2: 580 daAuts
     D:6: 486 daAuts
     D:7: 196 daAuts
  Temple: 28 daAuts
